 Dungeon Crawl Stone Soup version 0.25-a0-365-g7600c65 (webtiles) character file.

Game seed: 12291424946150632966, levelgen mode: deterministic

64724 relicbr the Devastator (level 14, -1/88 HPs)
             Began as a Deep Elf Earth Elementalist on Jan 2, 2020.
             Was a High Priest of Vehumet.
             Shot with a bolt by an orc knight (21 damage)
             ... on level 2 of the Orcish Mines on Jan 5, 2020.
             The game lasted 01:38:35 (26827 turns).

relicbr the Devastator (DEEE)                      Turns: 26827, Time: 01:38:36

Health: -1/88      AC: 11    Str:  5    XL:     14   Next: 72%
Magic:  4/30       EV: 19    Int: 26    God:    Vehumet [*****.]
Gold:   2617       SH:  6    Dex: 18    Spells: 7/33 levels left

rFire    . . .     SeeInvis .   C - +0 short sword (speed)
rCold    + + .     Gourm    .   x - +0 buckler of Theory {rC++ rN+ MR- Dex+3}
rNeg     + . .     Faith    .   R - +0 steam dragon scales
rPois    +         Spirit   .   Z - +1 hat {MR+}
rElec    .         Reflect  .   z - +0 cloak {+Inv}
rCorr    .         Harm     .   s - +0 pair of gloves
MR       +....                  L - +0 pair of boots
Stlth    ++........             w - amulet of magic regeneration
HPRegen  0.24/turn              f - +2 ring of protection
MPRegen  0.47/turn              r - ring of poison resistance

@: no status effects
A: no striking features
a: Renounce Religion, Evoke Invisibility


You were on level 2 of the Orcish Mines.
You worshipped Vehumet.
Vehumet was extremely pleased with you.
You were not hungry.

You visited 4 branches of the dungeon, and saw 20 of its levels.
You also visited: Ossuary.

You collected 2684 gold pieces.
You spent 67 gold pieces at shops.

Inventory:

Hand Weapons
 C - a +0 short sword of speed (weapon)
Missiles
 b - 70 stones
 X - 15 poisoned darts (quivered)
Armour
 h - a scarf of cloud immunity
 s - a +0 pair of gloves (worn)
 x - the +0 buckler of Theory (worn) {rC++ rN+ MR- Dex+3}
   (You found it on level 4 of the Dungeon)

   It affects your dexterity (+3).
   It greatly protects you from cold.
   It protects you from negative energy.
   It affects your resistance to hostile enchantments.
 z - a +0 cloak of invisibility (worn)
 L - a +0 pair of boots (worn)
 R - +0 steam dragon scales (worn)
 Z - a +1 hat of magic resistance (worn)
Jewellery
 f - a +2 ring of protection (left hand)
 r - a ring of poison resistance (right hand)
 w - an amulet of magic regeneration (around neck)
 y - an uncursed ring of resist corrosion
 E - an uncursed ring of see invisible
 V - an uncursed ring of fire
Wands
 a - a wand of iceblast (7)
 c - a wand of disintegration (5)
 q - a wand of polymorph (8)
 K - a wand of scattershot (3)
 Q - a wand of paralysis (27)
 W - a wand of acid (4)
Scrolls
 e - 5 scrolls of blinking
 g - a scroll of amnesia {unknown}
 i - 6 scrolls of magic mapping
 k - a scroll of immolation {unknown}
 m - 5 scrolls of teleportation
 n - 10 scrolls of remove curse
 o - 4 scrolls of fear
Potions
 l - 10 potions of curing
 p - a potion of haste
 t - 2 potions of flight
 u - a potion of magic
 v - 5 potions of heal wounds
Miscellaneous
 B - a crystal ball of energy
 P - a phantom mirror
Comestibles
 d - 33 rations


   Skills:
 - Level 10.1 Fighting
 - Level 0.4 Short Blades
 - Level 8.7 Dodging
 - Level 2.4 Stealth
 - Level 4.7 Shields
 - Level 10.4 Spellcasting
 * Level 17.5 Conjurations
 - Level 10.3 Charms
   Level 1.1 Transmutations
 - Level 10.2 Earth Magic


You had 7 spell levels left.
You knew the following spells:

 Your Spells              Type           Power        Failure   Level  Hunger
a - Sandblast             Erth           ######       1%          1    None
b - Stone Arrow           Conj/Erth      ######       1%          3    None
c - Lee's Rapid Deconstr  Erth           ######....   1%          5    ####...
d - Ozocubu's Armour      Chrm/Ice       #####...     1%          3    None
e - Fireball              Conj/Fire      ######....   1%          5    ####...
f - Tukima's Dance        Hex            ##......     13%         3    None
g - Freezing Cloud        Conj/Ice/Air   #####.....   16%         6    #####..

Your spell library contained the following spells:

 Spells                   Type           Power        Failure   Level  Hunger
 Spellforged Servitor     Conj/Summ      ######....   26%         7    #######
 Foxfire                  Conj/Fire      ####         1%          1    None
 Freeze                   Ice            ##..         1%          1    None
 Passwall                 Tmut/Erth      #####...     1%          2    None
 Conjure Flame            Conj/Fire      ######..     1%          3    None
 Mephitic Cloud           Conj/Pois/Air  #####...     1%          3    None
 Hailstorm                Conj/Ice       ######..     1%          4    None
 Sticky Flame             Conj/Fire      ######..     1%          4    None
 Sting                    Tmut/Pois      ###.         3%          1    None
 Ignite Poison            Fire/Tmut/Pois ###.....     3%          3    None
 Inner Flame              Hex/Fire       ##......     3%          3    None
 Animate Skeleton         Necr           N/A          4%          1    None
 Apportation              Tloc           ##....       4%          1    None
 Confusing Touch          Hex            ##....       4%          1    None
 Summon Butterflies       Summ           ##......     4%          1    None
 Summon Small Mammal      Summ           ##..         4%          1    None
 Petrify                  Tmut/Erth      #####...     4%          4    None
 Poisonous Vapours        Pois/Air       ##....       7%          2    None
 Olgreb's Toxic Radiance  Pois           ##......     12%         4    None
 Lesser Beckoning         Tloc           ##........   13%         3    None
 Recall                   Summ/Tloc      N/A          13%         3    None
 Borgnjor's Vile Clutch   Necr/Erth      #####.....   16%         5    ####...
 Animate Dead             Necr           N/A          41%         4    None
 Summon Ice Beast         Ice/Summ       ##......     41%         4    None
 Alistair's Intoxication  Tmut/Pois      ###.....     69%         5    ####...
 Death Channel            Necr           ##........   100%        6    #####..
 Invisibility             Hex            ##......     100%        6    #####..
 Simulacrum               Ice/Necr       ##........   100%        6    #####..


Dungeon Overview and Level Annotations

Branches:
Dungeon (11/15)            Temple (1/1) D:6            Lair (6/6) D:10
 Shoals (0/4) Lair:2       Spider (0/4) Lair:2        Slime (0/5) Lair:6
    Orc (2/2) D:10        Ossuary (visited)
    Elf: Orc:2

Altars:
Ashenzari
Cheibriados
Dithmenos
Elyvilon
Fedhas
Gozag
Hepliaklqana
Kikubaaqudgha
Makhleb
Nemelex Xobeh
Okawaru
Qazlal
Ru
Sif Muna
Trog
Uskayaw
Vehumet
Wu Jian
Xom
Yredelemnul
Zin
The Shining One
Beogh
Lugonu

Shops:
D:5 [   D:8 *

Annotations:
Lair:4 2 transporters, marty411's ghost, journeyman MiBe
Orc:1 Clumpoid's ghost, journeyman TrMo


Message History

Aiming: Stone Arrow (safe; 1% risk of failure)
Press: ? - help, Shift-Dir - straight line, f/p - orc knight
Aim: an orc knight, wielding a -2 arbalest and quivering 14 bolts (almost dead)
The stone arrow hits the orc knight!
You kill the orc knight!
Vehumet accepts your kill.
You feel your power returning.
You see here a +0 giant club.
Casting: Stone Arrow (safe; 1% risk of failure)
Confirm with . or Enter, or press ? or * to list all spells.
Aiming: Lee's Rapid Deconstruction (safe; 1% risk of failure)
Press: ? - help, Dir - move target cursor A rock wall.
The wall shatters!
The blast of rock fragments hits the orc knight!
The orc knight is heavily wounded.
You hear a shout!
Unknown command.
The orc knight shoots a bolt.
The bolt hits you!!
You die...

.........#(o(#...$###
##.####.###o###....#
.....##.###o##.....# #.#
......#.##...#....#.....
......#.##.......###..## #
.._..........).### ......#
......#.........###......##
......#.....[..)(....##...#
.....##....##...@..#.#....#
##.####..###.#[....##[#....
.........#....<)...........
...........[..[#....#[.....
.....###.......##..<.#...
...### ##.......###.....#
.... ##.....## ......# .#..
#.[..### #.###### .###
##[..# ..


You could see an orc knight and an orc warrior.

Vanquished Creatures
  Gastronok (Lair:1)
  3 entropy weavers (Lair:5)
  Snorg (D:11)
  Josephine (D:10)
  7 hydras
  4 ghost crabs (Lair:5)
  A centaur warrior (Orc:2)
  A catoblepas (Lair:3)
  4 two-headed ogres
  6 fire crabs
  An unseen horror (D:10)
  2 orc knights (Orc:2)
  An obsidian statue (D:11)
  A wolf spider (Lair:6)
  2 oklob plants (Lair:4)
  2 cyclopes
  Maurice (Orc:1)
  4 black mambas
  An apocalypse crab (Lair:5)
  2 gargoyles (D:10)
  11 spiny frogs
  A kobold demonologist (D:11)
  A torpor snail (Lair:6)
  A rime drake (Lair:4)
  7 komodo dragons
  4 trolls
  8 blink frogs
  9 polar bears (Lair:6)
  3 hippogriffs
  Grinder (D:6)
  A vampire (D:9)
  6 wraiths
  49 yaks
  Eustachio (D:6)
  2 humans
  A basilisk (Lair:5)
  3 hogs (D:8)
  Grum (D:9)
  2 hungry ghosts
  A steam dragon (D:8)
  Menkaure (Ossuary)
  10 wargs
  Edmund (D:6)
  15 hell hounds (Lair:6)
  10 porcupines
  7 water moccasins
  2 hornet zombies
  20 orc warriors
  13 black bears
  5 sky beasts
  5 ice beasts
  2 necrophages
  A phantom (D:8)
  10 ogres
  22 wolves
  10 centaurs
  8 crocodiles
  A big kobold (D:10)
  12 bullfrogs
  A wyvern skeleton (D:10)
  6 scorpions
  An orc simulacrum (Orc:2)
  4 wights (D:8)
  2 howler monkeys (D:9)
  4 crimson imps
  3 jellies
  3 centaur zombies (Ossuary)
  A quasit (D:9)
  A gnoll shaman (D:4)
  3 hounds
  18 orc priests
  3 centaur skeletons
  Crazy Yiuf (D:4)
  3 bullfrog skeletons
  4 iguanas
  17 orc wizards
  4 hell rats (Lair:4)
  3 spectral orcs (Orc:2)
  6 worker ants
  2 ogre zombies (Ossuary)
  6 mummies (Ossuary)
  A worker ant zombie (D:5)
  A howler monkey zombie (D:8)
  Robin (D:4)
  8 gnolls
  18 adders
  4 shadow imps
  An ooze (D:2)
  3 worms
  6 adder zombies
  A dart slug (D:2)
  12 leopard geckos
  90 orcs
  8 giant cockroaches
  7 hobgoblins
  8 jackals (D:4)
  5 quokkas
  4 ball pythons
  3 bats
  3 frilled lizards
  3 gnoll zombies (Ossuary)
  15 goblins
  5 goblin zombies (Ossuary)
  3 hobgoblin zombies (Ossuary)
  11 kobolds
  2 kobold zombies (Ossuary)
  An orc zombie (Ossuary)
  A quokka skeleton (D:8)
  4 quokka zombies
  7 rats
  3 rat zombies (Ossuary)
  A butterfly (Lair:2)
  A fungus (Lair:4)
  A plant (Lair:6)
652 creatures vanquished.

Vanquished Creatures (others)
  3 fungi
  10 plants
13 creatures vanquished.

Grand Total: 665 creatures vanquished

Notes
Turn   | Place    | Note
-------+----------+-------------------------------------------
     0 | D:1      | relicbr the Deep Elf Earth Elementalist began the quest for
                  | the Orb.
     0 | D:1      | Reached XP level 1. HP: 10/10 MP: 6/6
   115 | D:1      | Reached XP level 2. HP: 12/15 MP: 1/8
  1010 | D:2      | Noticed an ogre
  1110 | D:2      | Reached XP level 3. HP: 12/19 MP: 5/9
  1518 | D:2      | Reached skill level 5 in Earth Magic
  1993 | D:3      | Noticed a +0 dagger
  1993 | D:3      | Noticed a +0 hand axe
  1994 | D:3      | Found a hide-covered altar of Uskayaw.
  2012 | D:3      | Reached XP level 4. HP: 24/24 MP: 8/10
  2046 | D:3      | Found a shadowy altar of Dithmenos.
  2211 | D:3      | Found a shimmering blue altar of Sif Muna.
  3105 | D:4      | Noticed Robin
  3280 | D:4      | Killed Robin
  3280 | D:4      | Reached XP level 5. HP: 20/28 MP: 6/11
  3559 | D:4      | Got a warped buckler
  3565 | D:4      | Identified the +0 buckler of Theory {rC++ rN+ MR- Dex+3}
                  | (You found it on level 4 of the Dungeon)
  3665 | D:4      | Noticed an ogre
  3667 | D:4      | Killed an ogre
  3683 | D:4      | Reached XP level 6. HP: 32/32 MP: 8/12
  3701 | D:4      | Found a runed translucent door.
  3702 | D:4      | Noticed Crazy Yiuf
  4043 | D:4      | Reached XP level 7. HP: 29/36 MP: 9/13
  4364 | D:4      | Found an ancient bone altar of Kikubaaqudgha.
  4368 | D:4      | Found an ornate altar of the Wu Jian Council.
  4623 | D:4      | Found an opulent altar of Gozag.
  4623 | D:4      | Found a bloodstained altar of Trog.
  4776 | D:4      | Killed Crazy Yiuf
  4801 | D:4      | Learned a level 3 spell: Stone Arrow
  4852 | D:5      | Entered Level 5 of the Dungeon
  4855 | D:5      | Found Kyumaygaos's Armour Shoppe.
  4885 | D:5      | Found a sand-covered staircase.
  4923 | Ossuary  | Entered an ossuary
  5226 | Ossuary  | Noticed Menkaure
  5303 | Ossuary  | Killed Menkaure
  5303 | Ossuary  | Reached skill level 10 in Earth Magic
  5399 | Ossuary  | Reached skill level 1 in Conjurations
  5399 | Ossuary  | Reached XP level 8. HP: 42/42 MP: 12/15
  5719 | D:5      | Reached skill level 1 in Shields
  5725 | D:5      | Reached skill level 1 in Fighting
  5843 | D:5      | Reached skill level 5 in Spellcasting
  5889 | D:5      | Bought a +0 pair of gloves for 67 gold pieces
  6253 | D:6      | Found a staircase to the Ecumenical Temple.
  6280 | Temple   | Entered the Ecumenical Temple
  6427 | D:6      | Noticed Eustachio
  6436 | D:6      | Killed Eustachio
  6600 | D:6      | Noticed Grinder
  6604 | D:6      | Killed Grinder
  6606 | D:6      | Found a shimmering altar of Xom.
  6666 | D:6      | Reached skill level 2 in Conjurations
  6846 | D:6      | Found a glowing golden altar of the Shining One.
  6926 | D:6      | Found a sparkling altar of Nemelex Xobeh.
  6930 | D:6      | Noticed Edmund
  6935 | D:6      | Killed Edmund
  6935 | D:6      | Reached skill level 3 in Conjurations
  6935 | D:6      | Reached XP level 9. HP: 47/47 MP: 7/18
  6943 | D:6      | Reached skill level 4 in Conjurations
  7343 | D:7      | Reached skill level 5 in Conjurations
  7387 | D:7      | Found a radiant altar of Vehumet.
  7387 | D:7      | Found a hazy altar of Hepliaklqana.
  7473 | D:7      | Became a worshipper of Vehumet
  7548 | D:7      | Reached skill level 6 in Conjurations
  7759 | D:7      | Reached skill level 7 in Conjurations
  8221 | D:7      | Found a glowing silver altar of Zin.
  8361 | D:7      | Reached skill level 8 in Conjurations
  8582 | D:7      | Found a white marble altar of Elyvilon.
  8583 | D:7      | Found a sacrificial altar of Ru.
  8584 | D:7      | Found a shattered altar of Ashenzari.
  8657 | D:7      | Learned a level 5 spell: Lee's Rapid Deconstruction
  9074 | D:8      | Reached skill level 9 in Conjurations
  9230 | D:8      | Noticed a two-headed ogre
  9240 | D:8      | Killed a two-headed ogre
  9240 | D:8      | Reached skill level 10 in Conjurations
  9240 | D:8      | Reached XP level 10. HP: 35/52 MP: 10/19
  9487 | D:8      | Reached * piety under Vehumet
  9487 | D:8      | Offered knowledge of Foxfire by Vehumet.
  9738 | D:8      | Found a bloodstained altar of Trog.
  9900 | D:8      | Found Tibunn's Lightly-Used Armoury.
 10217 | D:9      | Noticed Grum
 10221 | D:9      | Reached skill level 5 in Fighting
 10223 | D:9      | Killed Grum
 10224 | D:9      | Noticed a two-headed ogre
 10432 | D:9      | Noticed a cyclops
 10444 | D:9      | Killed a cyclops
 10544 | D:9      | Found a basalt altar of Yredelemnul.
 10558 | D:9      | Upgraded the game from 0.25-a0-353-ged6d547 to
                  | 0.25-a0-364-ge76b031
 10604 | D:9      | Killed a two-headed ogre
 10701 | D:9      | Reached XP level 11. HP: 49/67 MP: 20/20
 10938 | D:9      | Noticed a two-headed ogre
 10944 | D:9      | Killed a two-headed ogre
 11443 | D:9      | Learned a level 3 spell: Ozocubu's Armour
 11635 | D:9      | Offered knowledge of Searing Ray by Vehumet.
 11635 | D:9      | Reached skill level 1 in Charms
 11694 | D:10     | Entered Level 10 of the Dungeon
 11695 | D:10     | Noticed Josephine
 11700 | D:10     | Reached ** piety under Vehumet
 11701 | D:10     | Killed Josephine
 12990 | D:10     | Reached skill level 5 in Charms
 13242 | D:10     | Killed an unseen horror
 13411 | D:10     | Offered knowledge of Inner Flame by Vehumet.
 13486 | D:10     | Reached *** piety under Vehumet
 13677 | D:10     | Found a staircase to the Orcish Mines.
 13882 | D:10     | Offered knowledge of Conjure Flame by Vehumet.
 14224 | D:10     | Found a staircase to the Lair.
 14374 | Lair:1   | Entered Level 1 of the Lair of Beasts
 14418 | Lair:1   | Reached skill level 10 in Fighting
 15002 | Lair:1   | Reached XP level 12. HP: 77/77 MP: 13/21
 15145 | Lair:1   | Noticed Gastronok
 15155 | Lair:1   | Killed Gastronok
 15155 | Lair:1   | Reached skill level 10 in Charms
 15567 | Lair:2   | Noticed a five-headed hydra
 15573 | Lair:2   | Killed a five-headed hydra
 15844 | Lair:2   | Found a hole to the Spider Nest.
 16043 | Lair:2   | Found a staircase to the Shoals.
 16094 | Lair:2   | Noticed a six-headed hydra
 16098 | Lair:2   | Noticed a five-headed hydra
 16099 | Lair:2   | Killed a six-headed hydra
 16337 | Lair:2   | Killed a five-headed hydra
 16591 | Lair:2   | Reached skill level 10 in Spellcasting
 16955 | Lair:3   | Noticed a seven-headed hydra
 16962 | Lair:3   | Killed a seven-headed hydra
 17098 | Lair:2   | Reached **** piety under Vehumet
 17098 | Lair:2   | Reached skill level 5 in Dodging
 17924 | Lair:3   | Noticed a catoblepas
 17933 | Lair:3   | Noticed a seven-headed hydra
 17936 | Lair:3   | Killed a catoblepas
 17936 | Lair:3   | Reached XP level 13. HP: 75/82 MP: 21/29
 17943 | Lair:3   | Offered knowledge of Dazzling Flash by Vehumet.
 18642 | Lair:4   | Identified the +2 spear "Boir" {freeze, rF+ Int+3 Dex+3
                  | Stlth+}
 18644 | Lair:4   | Found a bloodstained altar of Trog.
 18644 | Lair:4   | Noticed marty411's ghost (journeyman MiBe)
 18685 | Lair:4   | Found a transporter.
 18727 | Lair:4   | Found a transporter.
 18838 | Lair:4   | Reached skill level 11 in Conjurations
 19525 | Lair:4   | Reached skill level 12 in Conjurations
 20266 | Lair:5   | Reached skill level 13 in Conjurations
 20267 | Lair:5   | Reached ***** piety under Vehumet
 20281 | Lair:5   | Offered knowledge of Ozocubu's Refrigeration by Vehumet.
 20390 | Lair:5   | You fall into a shaft and drop 1 floor!
 20390 | Lair:6   | Entered Level 6 of the Lair of Beasts
 20549 | Lair:6   | Found a staircase to the Slime Pits.
 20903 | Lair:6   | Reached skill level 14 in Conjurations
 21342 | Lair:6   | Reached XP level 14. HP: 88/88 MP: 23/30
 21813 | Lair:6   | Reached skill level 15 in Conjurations
 22492 | Lair:5   | Found a runed translucent door.
 22536 | Lair:5   | Noticed an entropy weaver
 22564 | Lair:5   | Killed an entropy weaver
 23092 | Lair:5   | Noticed an entropy weaver
 23137 | Lair:5   | Killed an entropy weaver
 23430 | Lair:5   | Reached skill level 16 in Conjurations
 23584 | Lair:5   | Noticed an entropy weaver
 23592 | Lair:5   | Killed an entropy weaver
 24293 | Lair:2   | Upgraded the game from 0.25-a0-364-ge76b031 to
                  | 0.25-a0-365-g7600c65
 24321 | D:10     | Learned a level 5 spell: Fireball
 24325 | D:10     | Learned a level 3 spell: Tukima's Dance
 24526 | D:11     | Offered knowledge of Freezing Cloud by Vehumet.
 24534 | D:11     | Learned a level 6 spell: Freezing Cloud
 24810 | D:11     | Noticed Snorg
 24817 | D:11     | Killed Snorg
 25118 | Orc:1    | Entered Level 1 of the Orcish Mines
 25239 | Orc:2    | Entered Level 2 of the Orcish Mines
 25291 | Orc:2    | Reached skill level 17 in Conjurations
 25534 | Orc:1    | Noticed Maurice
 25891 | Orc:2    | Found a runed translucent gate.
 25892 | Orc:2    | Found a runed translucent gate.
 25893 | Orc:2    | Found a runed translucent gate.
 26010 | Orc:2    | Noticed Clumpoid's ghost (journeyman TrMo)
 26304 | Orc:1    | Paralysed by Maurice for 7 turns
 26310 | Orc:1    | HP: 3/88 [something (14)]
 26681 | Orc:1    | Killed Maurice
 26734 | Orc:2    | Found a roughly hewn altar of Beogh.
 26807 | Orc:2    | Offered knowledge of Spellforged Servitor by Vehumet.
 26827 | Orc:2    | Shot with a bolt by an orc knight

Levels and vault maps discovered:
D:1:      tarquinn_simple_flora_water_d, layout_loops_corners
D:2:      kennysheep_big_flooded_room, layout_loops_ring, lightli_corner_chamber
D:3:      minmay_wonky_spiral, layout_basic, dancing_weapons_uskayaw,
          nicolae_overflow_hidden_temple, grunt_dithmenos_smoke_and_mirrors
D:4:      layout_loops_cross, lemuel_crystal_altar, lemuel_doored_altar,
          gammafunk_temple_overflow_wave, uniq_robin, uniq_crazy_yiuf_cottage
D:5:      layout_rooms, serial_shops, shop, first_ration, gup_sewer_entry_pipe,
          lightli_ossuary_entry_decrepit_ruins
D:6:      layout_basic, tso_oasis_becter, nemelex_xobeh_ov_fountains_minmay,
          xom_teletrap_fun, minmay_temple_entry_proselytizer,
          roderic_st_hans_cross, uniq_grinder, uniq_edmund, uniq_eustachio
D:7:      layout_basic, kennysheep_little_box,
          gammafunk_temple_overflow_elements,
          chequers_temple_overflow_statue_of_worship
D:8:      layout_basic, grunt_livestock, minmay_shop_damaged, trog_book
D:9:      layout_irregular_city, yredelemnul_altar_generic, minmay_checkerbox,
          uniq_grum
D:10:     layout_roguey [special_room_orc], lair_entry_dummy, erik_orc_4,
          serial_co_window_serial, co_window_of_opportunity_a,
          co_window_paths_a, co_window_paths_b, co_window_corner_a,
          co_window_of_opportunity_a, co_window_unsneaky_path_c,
          co_window_unsneaky_path_e, co_window_corner_cb, co_window_broadway_b,
          co_window_paths_d, glass_columns_c, glass_columns_b, glass_columns_c,
          glass_columns_a, uniq_josephine
D:11:     layout_rooms, minmay_statue_bubble, uniq_snorg
Temple:   corrupted_temple
Lair:1:   layout_regular_city, uniq_gastronok
Lair:2:   layout_roguey, minmay_shoals_entry_centaurs,
          spider_nest_entry_web_field, lemuel_fruit_fields, serial_bayou_shore_b
Lair:3:   layout_cave_pods, grunt_forest_small_clearings,
          chequers_serial_rivers_micro_a, nicolae_quartered_pool_super
Lair:4:   layout_loops_ring, gammafunk_ghost_wrathful_warriors, dpeg_oklob_1
Lair:5:   gammafunk_mikee_crab_dinner, layout_regular_city
Lair:6:   hangedman_lair_caniforms_friends, layout_gridlike, slime_dummy
Orc:1:    minmay_goldmine, layout_caves, uniq_maurice
Orc:2:    st_orc_rangers, layout_diamond_mine, gammafunk_ghost_necromancy,
          mines1_david

Skill      XL: |  1  2  3  4  5  6  7  8  9 10 11 12 13 14 |
---------------+-------------------------------------------+-----
Earth Magic    | 4 5 6 7 8 10 | 10.2
Conjurations   | 1 3 10 14 17 | 17.5
Spellcasting   | 5 10 | 10.4
Shields        | 4 |  4.7
Fighting       | 1 7 10 | 10.1
Charms         | 7 10 | 10.3
Dodging        | 8 |  8.7
Short Blades   | |  0.4
Stealth        | |  2.4
Transmutations | |  1.1

Action                   |  1- 3 |  4- 6 |  7- 9 | 10-12 | 13-15 || total
-------------------------+-------+-------+-------+-------+-------++-------
Melee: Dagger            |     7 |       |       |       |       ||     7
       Short sword       |    58 |   163 |   360 |   300 |    69 ||   950
Throw: Dart              |       |    11 |    12 |    22 |     5 ||    50
       Stone             |       |       |     1 |     1 |       ||     2
 Cast: Sandblast         |    25 |    39 |   125 |   137 |   235 ||   561
       Stone Arrow       |       |       |    47 |   219 |   314 ||   580
       Lee's Rapid Decon |       |       |       |    20 |    61 ||    81
       Ozocubu's Armour  |       |       |       |     2 |    11 ||    13
       Fireball          |       |       |       |       |     6 ||     6
Evoke: Wand              |       |       |       |     3 |     6 ||     9
  Use: Scroll            |     3 |     2 |     5 |     3 |    12 ||    25
       Potion            |       |       |       |     1 |       ||     1
 Stab: Sleeping          |     5 |     3 |    15 |     2 |       ||    25
       Distracted        |       |       |       |       |     1 ||     1
  Eat: Chunk             |     3 |     7 |    15 |    25 |    24 ||    74
       Ration            |       |       |     1 |     3 |     4 ||     8
Armor: Robe              |     9 |       |       |       |       ||     9
       Leather armour    |    14 |    65 |   158 |       |       ||   237
       Steam dragon scal |       |       |     6 |   181 |    73 ||   260
       Troll leather arm |       |       |       |     5 |       ||     5
Dodge: Dodged            |    62 |   137 |   208 |   274 |   271 ||   952
Block: Buckler           |       |    19 |    64 |   135 |    96 ||   314

Table legend:
 A = Non-vault XP
 B = Vault XP
 C = Vault XP percentage of total XP
 D = Non-vault monster count
 E = Vault monster count
 F = Vault count percentage of total count
                 A         B        C        D         E       F
            +---------+---------+-------+---------+---------+-------
      Total |   53081 |   39382 |  42.6 |     415 |     234 |  36.1
            +---------+---------+-------+---------+---------+-------
        D:1 |      27 |       0 |   0.0 |      17 |       0 |   0.0
        D:2 |      42 |      21 |  33.3 |      14 |       2 |  12.5
        D:3 |      40 |      52 |  56.5 |      13 |      11 |  45.8
        D:4 |     746 |      64 |   7.9 |      31 |       7 |  18.4
        D:5 |     315 |      16 |   4.8 |      14 |       6 |  30.0
        D:6 |     499 |     667 |  57.2 |      18 |       4 |  18.2
        D:7 |    1482 |       0 |   0.0 |      27 |       0 |   0.0
        D:8 |    2647 |    1249 |  32.1 |      30 |       7 |  18.9
        D:9 |    3005 |    2482 |  45.2 |      21 |       9 |  30.0
       D:10 |    3140 |    2861 |  47.7 |      29 |      47 |  61.8
       D:11 |    3930 |    1734 |  30.6 |      26 |       2 |   7.1
     Lair:1 |    3943 |    2172 |  35.5 |      16 |       1 |   5.9
     Lair:2 |    5791 |     340 |   5.5 |      14 |       3 |  17.6
     Lair:3 |    8941 |       0 |   0.0 |      27 |       0 |   0.0
     Lair:4 |    5804 |    1070 |  15.6 |      30 |       2 |   6.2
     Lair:5 |    6900 |   12258 |  64.0 |      29 |      13 |  31.0
     Lair:6 |    3254 |   10107 |  75.6 |      15 |      56 |  78.9
      Orc:1 |    1732 |     730 |  29.7 |      24 |      12 |  33.3
      Orc:2 |     843 |    3042 |  78.3 |      20 |      15 |  42.9
    Ossuary |       0 |     517 | 100.0 |       0 |      37 | 100.0
            +---------+---------+-------+---------+---------+-------
